 Dungeon Crawl Stone Soup version 0.13.1-17-g0f9d4ff (webtiles) character file.

580 Lilouch the Covered (level 6, -4/48 HPs)
             Began as a Mummy Fighter on Dec 15, 2013.
             Slain by a big kobold
             ... wielding a +2,+1 whip of electrocution
              (5 damage)
             ... in a sewer.
             The game lasted 00:07:51 (2437 turns).

Lilouch the Covered (Mummy Fighter)                 Turns: 2437, Time: 00:07:52

HP  -4/48        AC  7     Str 21      XL: 6   Next: 84%
MP   5/5         EV  6     Int  7      God:
Gold 106         SH 19     Dex 11      Spells:  0 memorised,  5 levels left

Res.Fire  : x . .   See Invis. : .   a - +0 trident
Res.Cold  : + . .   Warding    : .   b - +0 scale mail
Life Prot.: + + +   Conserve   : .   c - +0 shield
Res.Poison: +       Res.Corr.  : .   (no helmet)
Res.Elec. : .       Clarity    : .   (no cloak)
Sust.Abil.: . .     Spirit.Shd : .   (no gloves)
Res.Mut.  : .       Stasis     : .   (no boots)
Res.Rott. : +       Flight     : .   (no amulet)
Saprovore : . . .                    (no ring)
                                     (no ring)

@: somewhat resistant to hostile enchantments, extremely unstealthy
A: no food or potions, fire vulnerability, restore body, cold resistance 1, life
protection 3, poison resistance, torment resistance, unbreathing
a: no special abilities


You were in a sewer.
You were not hungry.

You visited 1 branch of the dungeon, and saw 3 of its levels.
You also visited: Sewer.

You collected 86 gold pieces.

Inventory:

Hand weapons
 a - a +0,+0 trident (weapon)
 q - a +0 blowgun
Missiles
 h - a javelin (quivered)
 m - 9 bolts of frost
 r - 3 curare-tipped needles
 s - 20 poisoned needles
Armour
 b - a +0 scale mail (worn)
 c - a +0 shield (worn)
Scrolls
 d - a scroll of noise {unknown}
 e - a scroll of amnesia {unknown}
 f - a scroll of identify {unknown}
 g - a scroll of fog {unknown}
 i - 3 scrolls of curse jewellery {unknown}
 j - a scroll of magic mapping {unknown}
 k - a scroll of enchant weapon II {unknown}
 l - a scroll of remove curse {unknown}
 n - a scroll of random uselessness {unknown}
 p - a scroll of fear {unknown}
Books
 o - a book of Conjurations

   Spells                             Type                      Level
   Magic Dart                         Conjuration                  1
   Searing Ray                        Conjuration                  2
   Dazzling Spray                     Conjuration/Hexes            3
   Iskenderun's Mystic Blast          Conjuration                  4
   Iskenderun's Battlesphere          Conjuration/Charms           4
   Fulminant Prism                    Conjuration/Hexes            5


   Skills:
 - Level 3.0 Fighting
 + Level 3.2 Polearms
 * Level 4.9 Armour
 + Level 3.8 Shields


You had 5 spell levels left.
You didn't know any spells.

Dungeon Overview and Level Annotations

Branches:
Dungeon (3/27)

Altars:


Innate Abilities, Weirdness & Mutations

You do not eat or drink.
Your flesh is vulnerable to fire.
Your flesh is cold resistant.
You are immune to negative energy.
Your system is resistant to poisons.
You are immune to unholy pain and torment.
You can survive without breathing.


Message History

You hit the big kobold.
The big kobold is severely wounded.
The big kobold hits you with a whip of electrocution.
* * * LOW HITPOINT WARNING * * *
Press: ? - help, v - describe, . - travel
Here: a big kobold, wielding a whip of electrocution (severely wounded) Some shallow water.
You see here a dart.
Evoke which item? (* to show all) (? for menu, Esc to quit)
Okay, then.
Read which item? (? for menu, Esc to quit)
Okay, then.
Throwing (i - inventory):
h - 2 javelins (quivered)
Press: ? - help, Shift-Dir - straight line, f/p - big kobold
Aim: a big kobold, wielding a whip of electrocution (severely wounded)
You throw a javelin. The javelin misses the big kobold.
You closely miss the big kobold.
The big kobold is severely wounded.
The big kobold hits you with a whip of electrocution.
You die...

≈.≈≈##≈≈. #..≈..≈.≈
#≈≈≈.≈.. #≈≈≈.≈..
#.≈≈≈≈≈. #≈≈.....
####### ##≈≈≈...≈
#.≈≈≈≈##### ##≈...≈..≈
#K@(.≈####..≈.##≈..
#?≈≈≈≈###....≈.≈.####≈.
####### #≈≈≈≈≈≈..# ##.≈
#≈≈...≈≈####.≈≈
≈≈≈≈########≈≈≈≈≈ #####
#.≈.≈.# #≈≈.≈## #.≈.##
#.≈.#


You could see a big kobold.

Vanquished Creatures
  The ghost of Chiseanne the Chiller, an average KoIE (Sewer)
  2 big kobolds (Sewer)
  A big fish (D:3)
  5 adders
  2 green rats (Sewer)
  A giant mite (D:1)
  3 worms
  A grey rat (Sewer)
  A giant gecko (D:2)
  2 oozes (Sewer)
  An orc (D:3)
  2 ball pythons (Sewer)
  7 goblins
  8 hobgoblins
  16 kobolds
  2 quokkas
  5 bats
  2 giant newts (D:1)
  5 rats
67 creatures vanquished.

Notes
Turn   | Place    | Note
--------------------------------------------------------------
     0 | D:1      | Lilouch, the Mummy Fighter, began the quest for the Orb.
     0 | D:1      | Reached XP level 1. HP: 18/18 MP: 0/0
    44 | D:1      | Reached XP level 2. HP: 21/24 MP: 1/1
   802 | D:1      | Reached XP level 3. HP: 30/30 MP: 2/2
  1345 | D:2      | Reached XP level 4. HP: 31/36 MP: 3/3
  1451 | D:3      | Found a glowing drain.
  1621 | Sewer    | Entered a sewer
  1621 | Sewer    | Noticed Chiseanne's ghost (average KoIE)
  1633 | Sewer    | Killed Chiseanne's ghost
  1633 | Sewer    | Reached skill level 4 in Armour
  1633 | Sewer    | Reached XP level 5. HP: 28/41 MP: 4/4
  1633 | Sewer    | Reached XP level 6. HP: 32/48 MP: 5/5
  1855 | Sewer    | Noticed a big kobold
  1885 | Sewer    | Killed a big kobold
  2188 | Sewer    | Noticed a big kobold
  2218 | Sewer    | Killed a big kobold
  2424 | Sewer    | Noticed a big kobold
  2434 | Sewer    | HP: 1/48 [big kobold/whip of electrocution (4)]
  2437 | Sewer    | Slain by a big kobold

Action                   |  1- 3 |  4- 6 || total
-------------------------+-------+-------++-------
Melee: Trident           |   136 |   237 ||   373
Throw: Javelin           |       |     1 ||     1
